 Dungeon Crawl Stone Soup version 0.21.1-1-g345015fe64 (webtiles) character file.

96 archevel the Skirmisher (level 4, -7/40 HPs)
             Began as a Hill Orc Fighter on May 1, 2018.
             Was an Initiate of the Shining One.
             Killed by divine providence
             ... invoked by an orc priest
              (9 damage)
             ... on level 3 of the Dungeon on May 2, 2018.
             The game lasted 00:31:04 (1897 turns).

archevel the Skirmisher (Hill Orc Fighter)          Turns: 1897, Time: 00:31:05

Health: -7/40      AC:  8    Str: 19    XL:     4   Next: 67%
Magic:  4/4        EV:  7    Int:  8    God:    the Shining One [......]
Gold:   87         SH:  9    Dex: 10    Spells: 3/3 levels left

rFire    . . .     SeeInvis .   a - +0 long sword
rCold    . . .     Gourm    .   c - +0 shield
rNeg     . . .     Faith    .   b - +0 scale mail
rPois    .         Spirit   .   J - +0 helmet
rElec    .         Reflect  .   (no cloak)
rCorr    .         Harm     .   (no gloves)
MR       .....                  (no boots)
Stlth    ..........             (no amulet)
HPRegen  0.13/turn              (no ring)
MPRegen  0.09/turn              (no ring)

@: glowing
A: no striking features
a: Renounce Religion, Convert to Beogh


You were on level 3 of the Dungeon.
You worshipped the Shining One.
The Shining One was noncommittal.
You were not hungry.

You visited 1 branch of the dungeon, and saw 3 of its levels.

You collected 87 gold pieces.

Inventory:

Hand Weapons
 a - a +0 long sword (weapon)
 j - a +0 spear
 r - a +0 dagger
 s - a +0 dagger
 v - a +0 short sword
 x - a +0 dagger
 y - a cursed -3 dagger
 A - a +0 falchion
 B - a +0 hunting sling
 E - a +0 short sword
 G - a +0 club
 H - a +0 dagger
 K - a +0 club
 M - a +0 club
 N - a cursed -3 dagger
Missiles
 h - 186 stones (quivered)
 q - 4 curare-tipped needles
 z - 55 arrows
Armour
 b - a +0 scale mail (worn)
 c - a +0 shield (worn)
 i - a +0 leather armour
 t - a +0 robe
 u - a cursed -1 ring mail
 J - a +0 helmet (worn)
 L - a +0 leather armour
Jewellery
 k - an uncursed amulet of guardian spirit {unknown}
Scrolls
 e - 9 scrolls of identify {unknown}
 g - 2 scrolls of enchant weapon {unknown}
 m - a scroll of noise {unknown}
 n - a scroll of remove curse {unknown}
 p - 2 scrolls of teleportation {unknown}
 C - a scroll of magic mapping {unknown}
Potions
 d - a potion of might
 l - a potion of berserk rage {unknown}
 o - a potion of agility {unknown}
 w - a potion of haste {unknown}
 D - a potion of curing {unknown}
 F - a potion of brilliance {unknown}
 I - a potion of degeneration {unknown}
Comestibles
 f - 2 rations


   Skills:
 + Level 4.1 Fighting
 + Level 3.3 Long Blades
 + Level 4.0 Armour
 + Level 0.6 Dodging
 + Level 4.0 Shields


You had 3 spell levels left.
You didn't know any spells.

Dungeon Overview and Level Annotations

Branches:
Dungeon (3/15)

Altars:
The Shining One


Message History

An orc priest comes into view. It is wielding a dagger.
The orc priest mumbles some strange prayers to Beogh against you.
Beogh smites you!
The orc priest shouts, "Join the one true god or die!"
You hit the orc.
The orc is almost dead.
The orc hits you but does no damage.
You hit the orc.
You kill the orc!
The orc priest begins to cast a cantrip, but forgets the words!
You hit the orc priest.
The orc priest is moderately wounded.
You block the orc priest's attack.
The orc priest calls down the wrath of Beogh upon you.
Beogh smites you!
* * * LOW HITPOINT WARNING * * *
The orc priest threatens, "By the altar or by the axe, you will meet Beogh!"
The orc priest mumbles some strange prayers to Beogh against you.
Beogh smites you!
You die...

... ##rw #.w #o#
###########o##########
#.........#.#........#####
#.#######.#o.#.......#.#.# .
#.# #.#.#.#.......#.##.. #.#
#.#@##.#............
#.#######.#.###.#...........
#.......#.#.# ##.#..........
#######.#.#.# ##.#.........
#.#.#.######.#...#..#
#<#.#....†..#.#### #
#######.#.######.#...#
#.......#.# #.#....8...
#.#######.# #.#.........


You could see 3 orc priests, a dart slug and a rat.

Vanquished Creatures
  Natasha (D:3)
  2 worms (D:2)
  3 dart slugs
  3 leopard geckos
  2 orcs (D:3)
  2 ball pythons (D:1)
  7 bats
  3 giant cockroaches
  5 goblins
  3 hobgoblins
  4 jackals (D:2)
  4 frilled lizards
  6 kobolds
  8 rats
53 creatures vanquished.

Notes
Turn   | Place    | Note
-------+----------+-------------------------------------------
     0 | D:1      | archevel the Hill Orc Fighter began the quest for the Orb.
     0 | D:1      | Reached XP level 1. HP: 19/19 MP: 1/1
   266 | D:1      | Reached XP level 2. HP: 21/27 MP: 2/2
   578 | D:1      | Found a glowing golden altar of the Shining One.
   587 | D:1      | Became a worshipper of the Shining One
   892 | D:1      | Reached XP level 3. HP: 33/33 MP: 3/3
  1581 | D:2      | Reached XP level 4. HP: 38/40 MP: 4/4
  1829 | D:3      | Noticed Natasha
  1844 | D:3      | Killed Natasha
  1895 | D:3      | HP: 2/40 [orc priest/divine providence (12)]
  1897 | D:3      | Killed from afar by an orc priest

Skill      XL: |  1  2  3  4 |
---------------+-------------+-----
Fighting       | 4 |  4.1
Long Blades    | 3 |  3.3
Armour         | 4 |  4.0
Shields        | 4 |  4.0
Dodging        | |  0.6

Action                   |  1- 3 |  4- 6 || total
-------------------------+-------+-------++-------
Melee: Long sword        |   138 |    28 ||   166
  Eat: Ration            |     1 |       ||     1
Armor: Scale mail        |    77 |     6 ||    83
Dodge: Dodged            |    53 |     5 ||    58
Block: Shield            |    95 |     8 ||   103
       Rpst.: Long sword |    20 |       ||    20
